| TOP OF THE 1ST |
|
Calgary Flames batting - Pitching for Madison Brewers : RHP Justin Hensley
|
|
Pitching: RHP Justin Hensley
|
|
|
Batting: RHB Alex Collazo
|
0-0: Ball 1-0: SINGLE (Line Drive, 89S, EV 89.4 MPH)
|
|
Batting: RHB Yuusei Narita
|
0-0: Fly out, F8 (Flyball, 8LD, EV 96.9 MPH)
|
|
Batting: RHB Kevin Davis
|
0-0: Called Strike 0-1: Ball 1-1: Called Strike Alex Collazo is caught stealing 2nd base 2-4 1-2: SINGLE (Groundball, 6MD, EV 102.5 MPH)
|
|
Batting: RHB Victor Contreras
|
0-0: Ball 1-0: Called Strike 1-1: Ball 2-1: Foul Ball, location: 2F 2-2: Ball 3-2: Base on Balls Kevin Davis to second
|
|
Batting: LHB Justin Daley
|
0-0: Swinging Strike 0-1: Ball 1-1: Ball 2-1: Ball 3-1: Foul Ball, location: 2F 3-2: DOUBLE (Flyball, 89D, EV 100.6 MPH) Kevin Davis scores Victor Contreras to third Victor Contreras scores
|
|
Batting: SHB Erick Hamburger
|
0-0: Ball 1-0: Ball 2-0: Called Strike 2-1: Fly out, F8 (Flyball, 8LM, EV 89.4 MPH)
|
| Top of the 1st over - 2 runs, 3 hits, 0 errors, 1 left on base; Calgary 2 - Madison 0 |
| BOTTOM OF THE 1ST |
|
Madison Brewers batting - Pitching for Calgary Flames : LHP David Salas
|
|
Pitching: LHP David Salas
|
|
|
Batting: RHB Mohammed bin Ubaida
|
0-0: Called Strike 0-1: Swinging Strike 0-2: Foul Ball, location: 2F 0-2: Ball 1-2: Strikes out swinging
|
|
Batting: RHB Malcolm McCauley
|
0-0: Ball 1-0: Fly out, F3 (Popup, 3SF, EV 71.2 MPH)
|
|
Batting: RHB Mario Lopez
|
0-0: Called Strike 0-1: Swinging Strike 0-2: Ground out 5-3 (Groundball, 56S, EV 66.2 MPH)
|
| Bottom of the 1st over - 0 runs, 0 hits, 0 errors, 0 left on base; Calgary 2 - Madison 0 |
| TOP OF THE 2ND |
|
Calgary Flames batting - Pitching for Madison Brewers : RHP Justin Hensley
|
|
Batting: RHB Antonio Martinez
|
0-0: Foul Ball, location: 2F 0-1: Swinging Strike 0-2: SINGLE (Groundball, 4S, EV 75.6 MPH) (infield hit)
|
|
Batting: RHB Rod Johnson
|
0-0: Ball 1-0: Fly out, F9 (Flyball, 89M, EV 84.4 MPH)
|
|
Batting: RHB Tyler Johnson
|
0-0: SINGLE (Flyball, 56D, EV 84.4 MPH) Antonio Martinez to second
|
|
Batting: RHB Alex Collazo
|
0-0: Called Strike 0-1: SINGLE (Groundball, P, EV 96.2 MPH) Antonio Martinez to third Tyler Johnson to second Runner from 3rd tries for Home, SAFE, throw by CF to home
|
|
Batting: RHB Yuusei Narita
|
0-0: Ball Wild Pitch! Tyler Johnson to third Alex Collazo to second 1-0: SINGLE (Line Drive, 89S, EV 107.5 MPH) Tyler Johnson scores Alex Collazo to third
|
|
Batting: RHB Kevin Davis
|
0-0: Ball 1-0: Ball 2-0: Called Strike 2-1: Fly out, F7 (Flyball, 78D, EV 92.5 MPH) Runner from 3rd tags up, SCORES, no throw by LF
|
|
Batting: RHB Victor Contreras
|
0-0: Ball 1-0: Swinging Strike 1-1: Foul Ball, location: 2F 1-2: Ball 2-2: TRIPLE (Line Drive, 89XD, EV 101.9 MPH) Yuusei Narita scores
|
|
Batting: LHB Justin Daley
|
0-0: Ball 1-0: Foul Ball, location: 2F 1-1: DOUBLE (Flyball, 89D, EV 103.1 MPH) Victor Contreras scores
|
|
Batting: SHB Erick Hamburger
|
0-0: 2-RUN HOME RUN (Flyball, 78XD, EV 103.1 MPH), Distance : 415 ft
|
|
Pitching: RHP Todd Massad
|
|
|
Batting: RHB Antonio Martinez
|
0-0: Ball 1-0: Ball 2-0: Ground out 6-3 (Groundball, 6, EV 90.0 MPH)
|
| Top of the 2nd over - 7 runs, 7 hits, 0 errors, 0 left on base; Calgary 9 - Madison 0 |
| BOTTOM OF THE 2ND |
|
Madison Brewers batting - Pitching for Calgary Flames : LHP David Salas
|
|
Batting: LHB John Fortin
|
0-0: Ground out 4-3 (Groundball, 4M, EV 82.5 MPH)
|
|
Batting: RHB Tony Beaumond
|
0-0: Ball 1-0: SINGLE (Line Drive, 5D, EV 109.4 MPH)
|
|
Batting: RHB Manny Olave
|
0-0: Ball Tony Beaumond is caught stealing 2nd base 2-4 1-0: Foul Ball, location: 2F 1-1: Foul Ball, location: 2F 1-2: Strikes out looking
|
| Bottom of the 2nd over - 0 runs, 1 hit, 0 errors, 0 left on base; Calgary 9 - Madison 0 |
| TOP OF THE 3RD |
|
Calgary Flames batting - Pitching for Madison Brewers : RHP Todd Massad
|
|
Batting: RHB Rod Johnson
|
0-0: Fly out, F5 (Popup, 56, EV 66.9 MPH)
|
|
Batting: RHB Tyler Johnson
|
0-0: Ball 1-0: Ground out 6-3 (Groundball, 6MD, EV 101.9 MPH)
|
|
Batting: RHB Alex Collazo
|
0-0: Ball 1-0: Fly out, F8 (Flyball, 8LXD, EV 97.5 MPH)
|
| Top of the 3rd over - 0 runs, 0 hits, 0 errors, 0 left on base; Calgary 9 - Madison 0 |
| BOTTOM OF THE 3RD |
|
Madison Brewers batting - Pitching for Calgary Flames : LHP David Salas
|
|
Batting: LHB Jesus Huante
|
0-0: Called Strike 0-1: Ball 1-1: Ground out U3 (Groundball, 3, EV 102.5 MPH)
|
|
Batting: LHB Alex Chairez
|
0-0: Called Strike 0-1: Swinging Strike 0-2: Foul Ball, location: 2F 0-2: Ball 1-2: Foul Ball, location: 2F 1-2: Ball 2-2: Ground out 4-3 (Groundball, 4, EV 83.1 MPH)
|
|
Batting: LHB Tony Hasbun
|
0-0: Called Strike 0-1: SINGLE (Groundball, 5S, EV 66.2 MPH) (infield hit)
|
|
Batting: RHB Mohammed bin Ubaida
|
0-0: Ball 1-0: Foul Ball, location: 2F 1-1: Swinging Strike 1-2: Ball Tony Hasbun is caught stealing 2nd base 2-4
|
| Bottom of the 3rd over - 0 runs, 1 hit, 0 errors, 0 left on base; Calgary 9 - Madison 0 |
| TOP OF THE 4TH |
|
Calgary Flames batting - Pitching for Madison Brewers : RHP Todd Massad
|
|
Batting: RHB Yuusei Narita
|
0-0: Called Strike 0-1: Fly out, F7 (Flyball, 7D, EV 103.8 MPH)
|
|
Batting: RHB Kevin Davis
|
0-0: Ball 1-0: Called Strike 1-1: Ball 2-1: Ball 3-1: Foul Ball, location: 2F 3-2: Ground out 6-3 (Groundball, 6, EV 101.2 MPH)
|
|
Batting: RHB Victor Contreras
|
0-0: Ball 1-0: Called Strike 1-1: Foul Ball, location: 2F 1-2: Strikes out swinging
|
| Top of the 4th over - 0 runs, 0 hits, 0 errors, 0 left on base; Calgary 9 - Madison 0 |
| BOTTOM OF THE 4TH |
|
Madison Brewers batting - Pitching for Calgary Flames : LHP David Salas
|
|
Batting: RHB Mohammed bin Ubaida
|
0-0: Fly out, F8 (Flyball, 8LD, EV 103.1 MPH)
|
|
Batting: RHB Malcolm McCauley
|
0-0: Ball 1-0: Called Strike 1-1: SINGLE (Groundball, 6S, EV 69.4 MPH) (infield hit)
|
|
Batting: RHB Mario Lopez
|
0-0: Called Strike 0-1: Ball 1-1: Ball 2-1: Fly out, F9 (Line Drive, 89M, EV 90.6 MPH)
|
|
Batting: LHB John Fortin
|
0-0: Fly out, F9 (Flyball, 9D, EV 101.9 MPH)
|
| Bottom of the 4th over - 0 runs, 1 hit, 0 errors, 1 left on base; Calgary 9 - Madison 0 |
| TOP OF THE 5TH |
|
Calgary Flames batting - Pitching for Madison Brewers : RHP Todd Massad
|
|
Batting: LHB Justin Daley
|
0-0: Ground out 4-3 (Groundball, 4, EV 88.1 MPH)
|
|
Batting: SHB Erick Hamburger
|
0-0: Foul Ball, location: 2F 0-1: Ball 1-1: Ball 2-1: Ball 3-1: Fly out, F8 (Flyball, 8RM, EV 82.5 MPH)
|
|
Batting: RHB Antonio Martinez
|
0-0: Ball 1-0: Ground out U3 (Groundball, 34S, EV 71.2 MPH)
|
| Top of the 5th over - 0 runs, 0 hits, 0 errors, 0 left on base; Calgary 9 - Madison 0 |
| BOTTOM OF THE 5TH |
|
Madison Brewers batting - Pitching for Calgary Flames : LHP David Salas
|
|
Batting: RHB Tony Beaumond
|
0-0: Foul Ball, location: 2F 0-1: Called Strike 0-2: Ball 1-2: DOUBLE (Flyball, 78D, EV 104.4 MPH)
|
|
Batting: RHB Manny Olave
|
0-0: Called Strike 0-1: Foul Ball, location: 2F 0-2: SINGLE (Flyball, 8RS, EV 83.8 MPH) Tony Beaumond to third Runner from 3rd tries for Home, SAFE, throw by CF to home Manny Olave to second
|
|
Now at 2B: Devon Dill
|
|
|
Now in CF: Erick Hamburger
|
|
|
Batting: LHB Jesus Huante
|
0-0: Ball 1-0: Ball 2-0: SINGLE (Line Drive, 6MD, EV 103.8 MPH) Manny Olave to third
|
|
Batting: LHB Alex Chairez
|
0-0: Called Strike 0-1: Foul Ball, location: 2F 0-2: Strikes out swinging
|
|
Batting: LHB Tony Hasbun
|
0-0: Ball 1-0: Fly out, F4 (Line Drive, 4, EV 69.4 MPH)
|
|
Batting: RHB Mohammed bin Ubaida
|
0-0: Ball 1-0: Ball 2-0: Swinging Strike 2-1: Called Strike 2-2: Fly out, F8 (Flyball, 8LXD, EV 105.6 MPH)
|
| Bottom of the 5th over - 1 run, 3 hits, 0 errors, 2 left on base; Calgary 9 - Madison 1 |
| TOP OF THE 6TH |
|
Calgary Flames batting - Pitching for Madison Brewers : RHP Todd Massad
|
|
Batting: RHB Rod Johnson
|
0-0: Ball 1-0: Ball 2-0: SINGLE (Line Drive, 8LS, EV 93.8 MPH)
|
|
Batting: RHB Tyler Johnson
|
0-0: Ball 1-0: Fly out, F8 (Flyball, 8RD, EV 108.8 MPH)
|
|
Batting: RHB Alex Collazo
|
0-0: Ball 1-0: Swinging Strike 1-1: Swinging Strike 1-2: Strikes out swinging
|
|
Batting: RHB Yuusei Narita
|
0-0: Foul Ball, location: 2F 0-1: Ball 1-1: Ground out 4-3 (Groundball, 4, EV 83.1 MPH)
|
| Top of the 6th over - 0 runs, 1 hit, 0 errors, 1 left on base; Calgary 9 - Madison 1 |
| BOTTOM OF THE 6TH |
|
Madison Brewers batting - Pitching for Calgary Flames : LHP David Salas
|
|
Batting: RHB Malcolm McCauley
|
0-0: SINGLE (Groundball, 56D, EV 104.4 MPH) (infield hit)
|
|
Batting: RHB Mario Lopez
|
0-0: Ball 1-0: Called Strike 1-1: Called Strike 1-2: SINGLE (Line Drive, 8LS, EV 111.9 MPH) Malcolm McCauley to second
|
|
Batting: LHB John Fortin
|
0-0: Foul Ball, location: 2F 0-1: Called Strike 0-2: Ball 1-2: Strikes out looking
|
|
Batting: RHB Tony Beaumond
|
0-0: Foul Ball, location: 2F 0-1: Ball 1-1: Foul Ball, location: 2F 1-2: Strikes out swinging
|
|
Pitching: RHP Russell MacKay
|
|
|
Pinch Hitting: LHB Dusty Bryant
|
0-0: Ball 1-0: Swinging Strike 1-1: Called Strike 1-2: Ball 2-2: Foul Ball, location: 2F 2-2: Ball 3-2: Ground out U3 (Groundball, 3, EV 90.0 MPH)
|
| Bottom of the 6th over - 0 runs, 2 hits, 0 errors, 2 left on base; Calgary 9 - Madison 1 |
| TOP OF THE 7TH |
|
Calgary Flames batting - Pitching for Madison Brewers : RHP Todd Massad
|
|
Now in RF: Dusty Bryant
|
|
|
Batting: RHB Kevin Davis
|
0-0: Ball 1-0: Ball 2-0: Fly out, F8 (Line Drive, 8LD, EV 95.0 MPH)
|
|
Batting: RHB Devon Dill
|
0-0: Ground out 6-3 (Groundball, 6, EV 86.2 MPH)
|
|
Batting: LHB Justin Daley
|
0-0: Called Strike 0-1: Ball 1-1: DOUBLE (Line Drive, 8LD, EV 108.8 MPH)
|
|
Pinch Runner at 2nd Jon Groseclose:
|
|
|
Batting: SHB Erick Hamburger
|
0-0: Fly out, F4 (Popup, 34S, EV 75.6 MPH)
|
| Top of the 7th over - 0 runs, 1 hit, 0 errors, 1 left on base; Calgary 9 - Madison 1 |
| BOTTOM OF THE 7TH |
|
Madison Brewers batting - Pitching for Calgary Flames : RHP Russell MacKay
|
|
Now at 3B: Erick Hamburger
|
|
|
Now in CF: Jon Groseclose
|
|
|
Batting: LHB Jesus Huante
|
0-0: Swinging Strike 0-1: SINGLE (Line Drive, 78S, EV 103.8 MPH)
|
|
Batting: LHB Alex Chairez
|
0-0: Swinging Strike 0-1: Ball 1-1: Ball 2-1: Foul Ball, location: 2F 2-2: Foul Ball, location: 2F 2-2: Ball Wild Pitch! Jesus Huante to second 3-2: Hit by Pitch
|
|
Batting: LHB Tony Hasbun
|
0-0: Called Strike 0-1: Ball 1-1: Ball 2-1: Swinging Strike 2-2: Strikes out swinging
|
|
Batting: RHB Mohammed bin Ubaida
|
0-0: Ball 1-0: Swinging Strike 1-1: Swinging Strike 1-2: Strikes out swinging
|
|
Batting: RHB Malcolm McCauley
|
0-0: Ground out 3-1 (Groundball, 34S, EV 68.8 MPH)
|
| Bottom of the 7th over - 0 runs, 1 hit, 0 errors, 2 left on base; Calgary 9 - Madison 1 |
| TOP OF THE 8TH |
|
Calgary Flames batting - Pitching for Madison Brewers : RHP Todd Massad
|
|
Batting: RHB Antonio Martinez
|
0-0: Ball 1-0: Ball 2-0: Ball 3-0: Base on Balls
|
|
Batting: RHB Rod Johnson
|
0-0: Grounds into double play, 6-4-3 (Groundball, 6S, EV 90.6 MPH)
|
|
Batting: RHB Tyler Johnson
|
0-0: Foul Ball, location: 2F 0-1: Foul Ball, location: 2F 0-2: Ball 1-2: Foul Ball, location: 2F 1-2: Foul Ball, location: 2F 1-2: Ball 2-2: Ball 3-2: Base on Balls
|
|
Pitching: RHP Yang-cheng Kui
|
|
|
Batting: RHB Alex Collazo
|
0-0: Ball 1-0: Ball 2-0: Ball 3-0: Base on Balls Tyler Johnson to second
|
|
Batting: RHB Yuusei Narita
|
0-0: Swinging Strike 0-1: Fly out, F9 (Flyball, 9LM, EV 90.0 MPH)
|
| Top of the 8th over - 0 runs, 0 hits, 0 errors, 2 left on base; Calgary 9 - Madison 1 |
| BOTTOM OF THE 8TH |
|
Madison Brewers batting - Pitching for Calgary Flames : RHP Russell MacKay
|
|
Batting: RHB Mario Lopez
|
0-0: Ball 1-0: SINGLE (Groundball, 34D, EV 104.4 MPH)
|
|
Pitching: LHP Trevor Lewis
|
|
|
Batting: LHB John Fortin
|
0-0: Called Strike 0-1: Foul Ball, location: 2F 0-2: Strikes out swinging
|
|
Batting: RHB Tony Beaumond
|
0-0: Ball 1-0: Foul Ball, location: 2F 1-1: Called Strike 1-2: Ball 2-2: Strikes out swinging
|
|
Pinch Hitting: RHB Wiliama Dana
|
0-0: Called Strike 0-1: Ball 1-1: Ball 2-1: Ball 3-1: Foul Ball, location: 2F 3-2: Fly out, F8 (Flyball, 8RM, EV 91.2 MPH)
|
| Bottom of the 8th over - 0 runs, 1 hit, 0 errors, 1 left on base; Calgary 9 - Madison 1 |
| TOP OF THE 9TH |
|
Calgary Flames batting - Pitching for Madison Brewers : RHP Yang-cheng Kui
|
|
Now in RF: Steven Donovan
|
|
|
Batting: RHB Kevin Davis
|
0-0: Ball 1-0: SINGLE (Line Drive, 3D, EV 103.1 MPH)
|
|
Batting: RHB Devon Dill
|
0-0: Grounds into double play, 4-6-3 (Groundball, 34, EV 98.8 MPH)
|
|
Batting: RHB Jon Groseclose
|
0-0: Ball 1-0: Called Strike 1-1: Fly out, F8 (Flyball, 8LD, EV 83.1 MPH)
|
| Top of the 9th over - 0 runs, 1 hit, 0 errors, 0 left on base; Calgary 9 - Madison 1 |
| BOTTOM OF THE 9TH |
|
Madison Brewers batting - Pitching for Calgary Flames : LHP Trevor Lewis
|
|
Batting: LHB Jesus Huante
|
0-0: Called Strike 0-1: Foul Ball, location: 2F 0-2: Foul Ball, location: 2F 0-2: Ball 1-2: SINGLE (Line Drive, 9S, EV 95.0 MPH)
|
|
Batting: LHB Alex Chairez
|
0-0: Called Strike 0-1: Foul Ball, location: 2F 0-2: Strikes out swinging
|
|
Pinch Hitting: RHB Steve Errico
|
0-0: Grounds into double play, 6-4-3 (Groundball, 6M, EV 78.1 MPH)
|
| Bottom of the 9th over - 0 runs, 1 hit, 0 errors, 0 left on base; Calgary 9 - Madison 1 |
|